[Event "US Masters 2022"]
[Site "Charlotte"]
[Date "2022.11.24"]
[Round "2.1"]
[White "Oparin, Grigoriy"]
[Black "Sethuraman, Sandeep"]
[Result "1-0"]
[ECO "A38"]
[WhiteElo "2683"]
[BlackElo "2371"]
[Annotator "TA"]
[PlyCount "53"]
[EventDate "2022.11.23"]
[EventType "swiss"]
[EventCountry "USA"]
[SourceTitle "playchess.com"]
[Source "ChessBase"]
[SourceQuality "1"]
[TimeControl "5400+30"]

1. Nf3 d5 2. g3 Nf6 3. Bg2 c5 4. O-O g6 5. c4 Bg7 6. cxd5 Nxd5 7. Nc3 O-O 8. d3 Nc6 9. Nxd5 Qxd5 10. Be3 Bxb2 11. Rb1 Bg7 (11... Qxa2 $2 12. Qd2 $18 (12. Bxc5 Bf6 $11)) 12. Qa4 {[%emt 0:08:21][%cal Of3d4] [#] A38: Symmetrical English vs ...g6: 4 Bg2 Bg7 5 Nf3 Nf6.} Bd7 $146 (12... Qd7 $11 {keeps the balance.}) ({Predecessor:} 12... Qd7 13. Bxc5 b6 14. Be3 Nd4 15. Qd1 Bb7 16. Nxd4 Bxg2 17. Kxg2 Bxd4 18. Bxd4 Qxd4 19. Qb3 Rac8 20. Rfc1 Rc5 21. e3 Qd6 22. d4 Ra5 23. Rc2 e5 24. Rd1 Rd8 25. Rcd2 Qd5+ 26. Qxd5 {½-½ (26) Kramnik,V (2801)-Grischuk,A (2761) Moscow 2012}) 13. Rxb7 $16 {[%emt 0:15:29] Strongly threatening Ng5.} Ne5 14. Qh4 {[%emt 0:00:07] White is better.} Bc6 15. Rxe7 {[%emt 0:00:11] Rc1 is the strong threat.} Rfc8 (15... h5 $16) 16. Rc1 $18 Nxf3+ 17. Bxf3 Qxa2 18. Bxc6 (18. Rxc5 $6 Bxf3 19. Rxc8+ (19. exf3 Rxc5 20. Bxc5 Qd5 $16) 19... Rxc8 $16) 18... Rxc6 19. Qe4 {[%emt 0:00:32] And now Re8+ would win.} ({Don't play} 19. Rxc5 $6 Rxc5 20. Bxc5 Bf8) (19. Bxc5 Qd5 $16) 19... Rcc8 {[%emt 0:00:34] Against Re8+} 20. Rxc5 {[%emt 0:00:10][%cal Oe7a7] Threatens to win with Rxa7!} ({Much less strong is} 20. Bxc5 $6 Bf8) 20... Qxe2 $2 {[%emt 0:02:14] [#]} (20... Rf8 21. Rcc7 Rad8 22. Bxa7 (22. Rxa7 Qxe2 23. Bb6 Qxe4 $16) 22... Bf6) 21. Rxa7 $3 {[%emt 0:11:12][%mdl 512] Active counter play!} Rab8 {[%emt 0:00:37] [#] Hoping for ...Rb1+.} 22. Rxc8+ $1 Rxc8 23. Qb7 Rf8 24. Bc5 Qe6 25. Bxf8 Bd4 (25... Bxf8 $142 26. Ra8 Qd6) 26. Kg2 {[%emt 0:00:00] White wants to mate with Bh6.} Bxa7 (26... Qf5 $18 27. f3 Kxf8 28. Qb4+ Qc5 29. Qxc5+ Bxc5) 27. Bh6 {[%emt 0:00:00] Black did not feel at home in the position after the opening.   Weighted Error Value: White=0.52/Black=0.73} 1-0

[Event "US Masters 2022"]
[Site "Charlotte"]
[Date "2022.11.24"]
[Round "2.2"]
[White "Ostrovskiy, Aleksandr"]
[Black "Negi, Parimarjan"]
[Result "0-1"]
[ECO "C95"]
[WhiteElo "2371"]
[BlackElo "2639"]
[Annotator "TA"]
[PlyCount "70"]
[EventDate "2022.11.23"]
[EventType "swiss"]
[EventCountry "USA"]
[SourceTitle "playchess.com"]
[Source "ChessBase"]
[SourceQuality "1"]
[TimeControl "5400+30"]

1. e4 e5 2. Nf3 Nc6 3. Bb5 a6 4. Ba4 Nf6 5. O-O Be7 6. Re1 b5 7. Bb3 d6 8. c3 O-O 9. h3 Nb8 10. d4 Nbd7 11. Nbd2 Bb7 12. Bc2 Re8 13. Nf1 Bf8 14. Ng3 g6 15. Bd2 Bg7 16. Qc1 {[%emt 0:01:27] C95: Closed Ruy Lopez: Breyer Variation with 10 d4.} d5 17. Bg5 {[%emt 0:06:49] next Nxe5 is good for White.} Qb8 $5 {[%emt 0:21:39][%mdl 4] [#] Exploring less charted territory.} 18. dxe5 $146 {[%emt 0:06:29] The position is equal.} (18. Nxe5 {simplifies} Nxe5 19. dxe5 Nxe4 20. Bxe4 dxe4 21. Nxe4 Bxe4 22. Rxe4 Rxe5 23. Rxe5 Bxe5 24. Qe3) ({Predecessor:} 18. Nxe5 Nxe5 19. dxe5 Nxe4 20. Bxe4 dxe4 21. Bf6 Bxf6 22. exf6 Re6 23. Qg5 Qd8 24. Nh5 Rd6 25. Qg4 Qf8 26. Rad1 Rad8 27. Ng3 Rxf6 28. Nxe4 {½-½ (28) Liberzon,V (2550)-Gligoric,S (2565) Bad Lauterberg 1977}) 18... Nxe5 (18... Nxe4 {looks sharper.} 19. Bxe4 dxe4 20. Nxe4 Nxe5 21. Nxe5 Bxe5 22. Nf6+ Bxf6 23. Bxf6 Rxe1+ 24. Qxe1 Qe8) 19. Nxe5 Rxe5 20. f4 Re8 21. e5 Nd7 22. Qd1 c5 23. Qg4 Qc7 24. Rad1 Qc6 {[%emt 0:06:43] [#]} ({Black should try} 24... Nf8 $14) 25. Qh4 (25. Ne4 $3 $16 ) 25... f6 ({Less strong is} 25... d4 26. Be4 (26. cxd4 $2 Qxg2#) 26... Qb6 27. Bxb7 Qxb7 28. Ne4 $16 (28. cxd4 cxd4 29. Ne4 Qb6 $16)) 26. exf6 Nxf6 27. f5 {[%emt 0:03:46] Inhibits d4.} (27. Rf1 $1 $14 d4 28. Rf2) 27... d4 $1 $11 28. Rxe8+ Rxe8 (28... Nxe8 $2 29. Be4 Qb6 30. f6 Bxf6 31. Bxb7 Qxb7 32. Bxf6 $18) 29. Rd2 Nd7 $1 ({Don't do} 29... Re1+ 30. Kh2 $16) 30. Rf2 dxc3 $40 {[%emt 0:02:57][%mdl 128] White needs to defend precisely.} 31. bxc3 Bxc3 {[%emt 0:05:27] White must now prevent ...Bd4.} 32. f6 {[%emt 0:01:03] f7+ would kill now.} Re1+ (32... Bd4 {is a self mate.} 33. f7+ Kf8 34. Bh6+ Bg7 35. Bxg7+ Kxg7 36. fxe8=Q Qd5 37. Qee7+) 33. Kh2 {[%emt 0:00:22] White wants to mate with f7+.} Ne5 {[%emt 0:00:04][%cal Oc6g2] Prevents f7+. ( -> ...Qxg2+!). Dancing on a razor blade.} (33... Qd6 {[#]} 34. Bxg6 $1 Nf8 35. Qh6 $1 Bxf6 36. Rxf6) 34. Qh6 $2 {[%emt 0:04:20][%mdl 8192] [#]} (34. Be4 $11 Qc7 35. Bf4) 34... Qxg2+ $3 35. Rxg2 Nf3# {[%emt 0:00:04] Weighted Error Value: White=0.43/Black=0.09 (flawless)} 0-1

[Event "US Masters 2022"]
[Site "Charlotte"]
[Date "2022.11.24"]
[Round "2.3"]
[White "Liang, Awonder"]
[Black "Ippolito, Dean"]
[Result "1/2-1/2"]
[ECO "E97"]
[WhiteElo "2630"]
[BlackElo "2368"]
[Annotator "TA"]
[PlyCount "76"]
[EventDate "2022.11.23"]
[EventType "swiss"]
[EventCountry "USA"]
[SourceTitle "playchess.com"]
[Source "ChessBase"]
[SourceQuality "1"]
[TimeControl "5400+30"]

1. Nf3 Nf6 2. c4 g6 3. Nc3 Bg7 4. e4 d6 5. d4 O-O 6. Be2 e5 7. O-O Nc6 8. d5 Ne7 9. b4 a5 10. bxa5 Rxa5 11. a4 Ra8 {[%emt 0:00:17] E97: King's Indian: Classical Main Line (6...e5 7 0-0 Nc6): 8 Be3 and 8 d5 Ne7, not 9 Ne1.} 12. Re1 {[%emt 0:03:43][%cal Oc4c5] 12.c5 is setting a new trend.} b6 13. Nd2 {[%emt 0:23:06] [#]} Nd7 $146 {[%emt 0:01:48][%cal Bf6d7,Bd7c5,Bc5b3][%mdl 32] White is slightly better.} ({Predecessor:} 13... Ne8 14. Bb2 f5 15. Nb5 Nf6 16. exf5 Nxf5 17. Ra3 Bh6 18. g3 Bxd2 19. Qxd2 Ne4 {0-1 (69) Shen,Y (2449)-Zhu,J (2439) Hangzhou 2019}) 14. Nb3 Nc5 15. a5 Nxb3 16. Qxb3 bxa5 17. c5 dxc5 18. Ba3 Re8 19. Bxc5 Bf8 20. Bc4 Ba6 {[%emt 0:05:58] Inhibits d6.} 21. Nb5 {[%emt 0:02:37] [#] Strongly threatening d6.} (21. Rxa5 $2 Bxc4 22. Rxa8 Bxb3 $19) (21. Bxa6 {simplifies} Rxa6 22. Rec1 Ra8 23. Nb5) 21... Nc8 {[%emt 0:16:02] Inhibits d6.} 22. d6 $1 Bxb5 23. Bxb5 (23. Bxf7+ $14 Kg7 24. Qxb5 Kxf7 25. d7 (25. Rxa5 $2 Nxd6 26. Qb3+ Kf6 $19)) 23... Rb8 $132 {[%emt 0:08:29][%mdl 2048] And now ...c6 would win. Black is not keeping still} 24. Qd3 {[%emt 0:19:48] Inhibits c6.} (24. Rxa5 Nxd6 25. Bxd6 (25. Rd1 $2 c6 $19) 25... Qxd6 $17) (24. Qa4 {simplifies} Re6 25. dxc7 Qxc7 26. Bxf8 Kxf8 27. Qxa5 Qxa5 28. Rxa5 Ne7 29. f3) 24... Re6 25. dxc7 (25. Rxa5 $2 c6 26. d7 Nd6 $19) 25... Qxc7 26. Bxf8 Kxf8 27. Rec1 Qb6 28. Bc4 (28. Qa3+ $1 $11 Kg7 29. Qxa5 (29. Bd7 Rf6 $11)) 28... Rf6 29. Ra2 (29. Qd2 $15) 29... Kg7 30. g3 Ne7 {[%emt 0:07:37] Prevents Qd5.} 31. Bd5 Nc6 (31... Qb4 $17 32. Qe2 Rd6) 32. Bxc6 {[%emt 0:05:18] The position is equal.} Rxc6 33. Rxc6 Qxc6 34. Rxa5 {[%emt 0:00:04] KQR-KQR} Qc1+ 35. Kg2 $1 ({Reject} 35. Qf1 Qc2 36. Rb5 (36. Rxe5 $2 {perishes.} Rb1 $19) 36... Rxb5 37. Qxb5 Qxe4 $17) 35... Rb1 {[%emt 0:01:32] [#] White must now prevent ...Qh1+.} 36. Rxe5 (36. Kf3 Qh1+ 37. Ke3 Qe1+ 38. Kf3 Rb2 39. Rxe5 Rxf2+ 40. Kg4 h5+ $19) 36... Qh1+ (36... f6 $2 37. Re7+ Kh6 38. Rf7 $18) 37. Kh3 Rg1 38. Qd4 {[%emt 0:03:03] Threatening mate with Rf5+.} (38. Qc3 $5 Rc1 $8 39. Qd4 $11) 38... Rd1 {[%emt 0:04:17] Weighted Error Value: White=0.15 (very precise) /Black=0.12 (very precise)} (38... Qg2+ $2 39. Kg4 $18) 1/2-1/2

[Event "US Masters 2022"]
[Site "Charlotte"]
[Date "2022.11.24"]
[Round "2.4"]
[White "Luo, Terry"]
[Black "Naroditsky, Daniel"]
[Result "0-1"]
[ECO "E04"]
[WhiteElo "2365"]
[BlackElo "2617"]
[Annotator "TA"]
[PlyCount "84"]
[EventDate "2022.11.23"]
[EventType "swiss"]
[EventCountry "USA"]
[SourceTitle "playchess.com"]
[Source "ChessBase"]
[SourceQuality "1"]
[TimeControl "5400+30"]

1. d4 Nf6 2. c4 e6 3. g3 d5 4. Bg2 dxc4 5. Nf3 c6 6. Ne5 Bb4+ 7. Bd2 {[%emt 0:04:44] E04: Open Catalan: 5 Nf3.} Be7 $1 {[%emt 0:01:11] 7...Be7 scores better than 7...Qxd4.} 8. e3 b5 9. a4 (9. Nxc6 $14 Nxc6 10. Bxc6+ Bd7 11. Bxa8 Qxa8 12. f3) 9... b4 $1 $11 10. Nxc4 {[%emt 0:03:09] [#]} Bb7 $146 ({Predecessor:} 10... Nbd7 11. b3 Ba6 12. Bc1 Rc8 13. Bb2 c5 14. Nbd2 O-O 15. O-O cxd4 16. Bxd4 Nc5 {½-½ (28) Yu,Y (2738)-Caruana,F (2819) Stavanger 2019}) 11. O-O O-O 12. a5 Qc8 13. Qf3 Nbd7 (13... Na6 $5 ) 14. Rc1 {[%emt 0:21:57][%cal Oa5a6] Threatens to win with a6!} Rb8 15. a6 $1 Ba8 (15... Bxa6 16. Na5 Rb6 17. Nxc6 $16) 16. Qe2 c5 17. e4 (17. Bxa8 {simplifies} Rxa8 18. Na5 Qe8 19. dxc5 Bxc5 20. Rc4) 17... cxd4 18. Bf4 e5 $2 (18... d3 $11 19. Qf1 Nc5) 19. Nxe5 $18 {[%emt 0:00:35][%mdl 64] Discovered Attack} Qxc1+ 20. Bxc1 Nxe5 21. Bf4 d3 22. Qd1 (22. Qe3 Rbc8 23. Bxe5 Ng4 $16) 22... Nfd7 23. Nd2 Rbc8 24. Rc1 {[%emt 0:03:28] Prevents Rc2.} Rc6 25. Rxc6 Bxc6 26. Be3 {[%emt 0:11:34] f4 is the strong threat.} Bb5 (26... Nc5 $142 27. f4 Ned7) 27. f4 (27. Bxa7 Ra8 $18) 27... Nc4 28. Nxc4 (28. Bxa7 Nxd2 29. Qxd2 Bxa6 $16) 28... Bxc4 29. Qc1 (29. Bxa7 Nc5 30. e5 (30. Qc1 Bxa6 31. Bf3 Rc8 $11) 30... Bxa6 $16) 29... Rc8 30. Bh3 $1 (30. Bxa7 Bxa6 31. Qd1 Rc2 $15) 30... Bxa6 31. Qa1 Bb5 32. Qxa7 $4 (32. Qa5 $1 $18 a6 33. Bxd7 Bxd7 34. Qxa6) 32... d2 $1 $19 33. Bg4 {[%emt 0:00:41][%cal Oa7b7] Inhibits d1Q+.} Rc1+ 34. Kg2 Bf1+ 35. Kf2 {[%emt 0:00:11] [#]} Nf6 $40 {[%emt 0:00:59][%mdl 128] Black mounts an attack. Really sharp! Black is more active.} (35... d1=R $2 36. Bxc1 (36. Bxd7 Rc2+ $19) 36... Bc5+ {[#]} 37. Qxc5 $3 Nxc5 38. Bxd1 $18) ({Worse is} 35... d1=Q 36. Bxd1 Rxd1 37. Qa4 $15) (35... d1=N+ 36. Kxf1 Nxe3+ 37. Ke2 Nxg4 38. Qxd7 $16) (35... Bh3 $1 $17 {[%mdl 512] ( -> ...Rf1+)} 36. Qa8+ (36. Qxd7 $2 Rf1+ 37. Ke2 Bxg4+ 38. Kxf1 Bxd7 $19) 36... Nf8) 36. Qa8+ $2 (36. Bxd2 $2 {perishes.} Nxg4+ 37. Kf3 Nxh2+ 38. Ke3 Ng4+ 39. Kf3 Nh2+ 40. Ke3 Bc5+ $19) (36. Bd1 $1 $11 {and White has nothing to worry.} Rxd1 37. Qxe7 Ng4+ 38. Kf3 Nxh2+ 39. Kf2 Ng4+ 40. Kf3 Nh2+ 41. Kf2 Ng4+ 42. Kf3 Nh2+) 36... Bf8 37. Bxd2 (37. Bh5 $142 d1=Q 38. Bxd1 Rxd1 39. h3 Bxh3 40. Ke2) 37... Nxg4+ 38. Kf3 Nxh2+ 39. Ke3 Rc2 40. Bxb4 Ng4+ {[%emt 0:00:04] Black mates.} 41. Kf3 {[%emt 0:00:08] [#]} h5 $1 42. Qxf8+ Kh7 {[%emt 0:00:07] Weighted Error Value: White=0.79/Black=0.32} 0-1

[Event "US Masters 2022"]
[Site "Charlotte"]
[Date "2022.11.24"]
[Round "2.5"]
[White "Park, Evan"]
[Black "Theodorou, Nikolas"]
[Result "1/2-1/2"]
[ECO "B33"]
[WhiteElo "2364"]
[BlackElo "2598"]
[Annotator "TA"]
[PlyCount "157"]
[EventDate "2022.11.23"]
[EventType "swiss"]
[EventCountry "USA"]
[SourceTitle "playchess.com"]
[Source "ChessBase"]
[SourceQuality "1"]
[TimeControl "5400+30"]

1. e4 c5 2. Nf3 Nc6 3. d4 cxd4 4. Nxd4 Nf6 5. Nc3 e5 6. Ndb5 d6 7. Nd5 Nxd5 8. exd5 Nb8 9. c4 Be7 10. Be2 O-O 11. O-O a6 12. Nc3 Nd7 13. Kh1 f5 14. f4 Bf6 15. Qc2 {[%emt 0:08:04] 15.Be3 is more advanced technology.} g6 {[%emt 0:06:10] B33: Sicilian: Pelikan and Sveshnikov Variations.} 16. Be3 b6 17. Rae1 {[%emt 0:02:27] [#]} Qc7 $146 {[%emt 0:00:00] Black has an edge.} ({Predecessor:} 17... exf4 18. Bxf4 Ne5 19. b3 Bd7 20. a4 Re8 21. Qd2 Bg7 22. Na2 b5 23. axb5 axb5 24. cxb5 {½-½ (38) Hansen,L (2148)-Koestner,W (2292) ICCF email 2018}) 18. b3 exf4 19. Bxf4 Ne5 20. Qd2 Bd7 21. a4 Rae8 22. Bd1 Rf7 23. Bg5 (23. h3 $11) 23... Bxg5 $15 24. Qxg5 Qc5 (24... b5 $5 25. axb5 Qa5 $15) 25. Qe3 Rfe7 26. Qg3 Nf7 27. Rxe7 Rxe7 28. Ne2 Qe3 29. Qxe3 Rxe3 30. Rf3 Re8 31. Kg1 Kg7 32. Nd4 Kf6 33. Bc2 Ne5 34. Re3 Rb8 35. Re1 Rc8 36. Ra1 Rc5 37. Bd1 b5 38. cxb5 ({Reject} 38. axb5 axb5 39. Nxb5 Bxb5 40. cxb5 Rxb5 $17) 38... axb5 39. a5 Rxd5 40. Nc2 Rd2 41. Nb4 $1 Bc6 42. Nxc6 Nxc6 $11 {[%emt 0:00:00][%mdl 4096] Endgame KRB-KRN} 43. Bf3 d5 44. b4 Ke5 45. a6 {[%emt 0:00:24] aiming for a7.} Na7 $1 (45... Nxb4 $2 46. a7 Kd4 47. a8=Q $18) 46. Re1+ Kd6 (46... Kf6 {simplifies} 47. Rc1 Ra2 48. Bxd5 Rxa6 49. Rc7 Ke5) 47. Re8 Ra2 48. Rd8+ Kc7 49. Rxd5 Rxa6 50. Rc5+ Kd6 51. Rd5+ Ke6 52. Rc5 Kd7 53. Be2 Rb6 54. Kf2 Kd6 55. Kg3 Ra6 {[%emt 0:01:06] Threatens to win with ...Ra4.} 56. Bxb5 Rb6 57. Be2 Rxb4 58. Rc3 Nc6 59. Bf3 Ne5 60. Rc2 Rb3 61. Rd2+ Ke7 62. Rd5 {[%emt 0:00:33] Prevents g5.} Ke6 {[%emt 0:01:49][%cal Ob3f3] [#] White must now prevent ...Rxf3+!} 63. Ra5 $1 g5 64. Ra6+ Ke7 {[%emt 0:00:02] ...g4 is the strong threat.} 65. Ra7+ Kd6 (65... Nd7 $15 66. Kf2 Kd6) 66. Ra6+ $1 {[%emt 0:00:37] The position is equal.} Kc5 {[%emt 0:00:54] [#] And now ...g4 would win.} 67. Ra5+ Rb5 68. Rxb5+ Kxb5 69. h4 Nxf3 70. hxg5 $1 {[%emt 0:00:36] KN-KPP} Nd4 71. Kf4 Kc4 72. g4 $1 fxg4 73. Kxg4 {[%emt 0:00:01] KN-KP} Ne6 74. Kh5 $1 Kd5 75. Kh6 Nf8 76. Kg7 Ke6 77. Kxf8 Kf5 78. Kg7 Kxg5 {[%emt 0:00:03] ( -> ...h5)} 79. Kxh7 {[%emt 0:00:01] Weighted Error Value: White=0.06 (flawless) /Black=0.05 (flawless)} 1/2-1/2

[Event "US Masters 2022"]
[Site "Charlotte"]
[Date "2022.11.24"]
[Round "2.6"]
[White "Chen, Ryo"]
[Black "Hambleton, Aman"]
[Result "1-0"]
[ECO "C03"]
[WhiteElo "2269"]
[BlackElo "2437"]
[Annotator "TA"]
[PlyCount "97"]
[EventDate "2022.11.23"]
[EventType "swiss"]
[EventCountry "USA"]
[SourceTitle "playchess.com"]
[Source "ChessBase"]
[SourceQuality "1"]
[TimeControl "5400+30"]

1. e4 e6 2. d4 d5 3. Nd2 h6 4. Bd3 c5 5. Ngf3 Nf6 6. exd5 {[%emt 0:07:01] C03: French Tarrasch: Unusual Black 3rd moves.} exd5 7. Qe2+ Be7 8. dxc5 {[%emt 0:08:35] White is slightly better.} O-O 9. Nb3 Re8 10. Be3 Nbd7 11. Bb5 a6 12. Ba4 Ne4 13. O-O-O Nexc5 14. Nxc5 Bxc5 15. Rxd5 {[%emt 0:02:31] [#] Hoping for Bxd7.} b5 16. Bb3 Bxe3+ (16... Qc7 $5) 17. fxe3 {[%emt 0:00:13] [#]} Qb6 $146 ({Predecessor:} 17... Qc7 18. Rhd1 Nc5 19. R5d4 Nxb3+ 20. axb3 Bf5 21. e4 Qe7 22. Re1 Bg6 {½-½ (22) Jovanovic,B (2072)-Schenning,A (2013) LSS email 2014}) 18. Rhd1 Nc5 ({Don't take} 18... Rxe3 19. Qd2 $16) 19. Qd2 Bb7 {[%emt 0:17:06] Strongly threatening ...Nxb3+.} 20. Rd6 Nxb3+ 21. axb3 Qxe3 22. Qxe3 Rxe3 23. Rd8+ Kh7 24. Rxa8 Bxa8 25. Re1 Rxe1+ 26. Nxe1 $11 {[%emt 0:00:13][%mdl 4096] Endgame KB-KN} Kg6 27. Kd2 f5 28. Ke3 {[%emt 0:01:02] Inhibits f4+.} Kf6 29. b4 g5 30. g3 $1 {[%emt 0:00:09] Prevents f4+.} Be4 31. Nd3 Bxd3 32. Kxd3 {[%emt 0:00:12] KP-KP} Ke5 33. Ke3 Kd5 $2 {[%emt 0:00:49][%mdl 8192] [#] Black is on the road to losing.} (33... f4+ $11 34. gxf4+ gxf4+ 35. Kf3 Kd5) 34. b3 $1 $18 Ke5 35. c4 bxc4 36. bxc4 Ke6 37. Kd4 Kd6 38. h3 (38. c5+ $142 Ke6 39. h4 Ke7 40. hxg5 hxg5 41. Ke5 f4 42. gxf4 a5 43. bxa5) 38... Ke6 39. c5 Kf6 40. Kd5 {[%emt 0:00:13] White mates.} ({Stronger than} 40. c6 Ke7 41. Kc5 Kd8 $11) 40... h5 41. Kd6 f4 42. gxf4 g4 43. hxg4 h4 44. c6 h3 45. c7 h2 46. c8=Q (46. c8=B h1=Q 47. g5+ Kg6 48. Bxa6 Qd1+ 49. Kc7 Qc1+ 50. Kb6 Qxf4 $19) 46... h1=Q 47. Qf8+ Kg6 48. Qg8+ Kf6 49. Qg5+ $2 {[%emt 0:00:04] Weighted Error Value: White=0.03 (flawless) /Black=0.41} (49. g5+ {mates} Kf5 50. Qd5+ Qxd5+ 51. Kxd5 Kg6 52. Ke6 Kh5 53. Kf5 a5 54. bxa5) 1-0

[Event "US Masters 2022"]
[Site "Charlotte"]
[Date "2022.11.24"]
[Round "2.7"]
[White "Plotkin, Mark"]
[Black "Yoo, Christopher Woojin"]
[Result "1/2-1/2"]
[ECO "B44"]
[WhiteElo "2361"]
[BlackElo "2573"]
[Annotator "TA"]
[PlyCount "63"]
[EventDate "2022.11.23"]
[EventType "swiss"]
[EventCountry "USA"]
[SourceTitle "playchess.com"]
[Source "ChessBase"]
[SourceQuality "1"]
[TimeControl "5400+30"]

1. c4 Nf6 2. Nc3 e6 3. e4 c5 4. Nf3 Nc6 5. d4 cxd4 6. Nxd4 Bb4 7. Nxc6 dxc6 8. Qxd8+ Kxd8 9. Bd2 {[%emt 0:02:26] 9.e5 might become the main line.} e5 10. f3 {[%emt 0:03:08] B44: Sicilian: Taimanov: 5 Nb5.} Be6 11. O-O-O Ke7 12. a3 Bc5 {[%emt 0:01:34] [#]} 13. b4 $146 (13. Na4 $11 Bd4 14. Bb4+ Ke8 15. Nc5) ({Predecessor:} 13. Kc2 a5 14. g3 Rhd8 15. Be2 Bd4 16. b3 Nd7 17. Na4 b5 18. cxb5 cxb5 19. Bxb5 {0-1 (51) Makhno,M (1916)-Khegay,D (2528) Sevastopol 2021}) 13... Bd4 14. Ne2 Bf2 (14... Bxc4 $2 15. Nxd4 exd4 16. Bxc4 $18) 15. Ng3 g6 {[%emt 0:07:02] Against Nf5+} 16. Bd3 a5 (16... Rhd8 {feels hotter.} 17. Kc2 c5 18. Rhf1 Bd4) 17. bxa5 Nd7 (17... Ne8 $5 ) 18. Rhf1 Bc5 19. Nf5+ $1 gxf5 20. exf5 Bxa3+ 21. Kc2 Nc5 {[%emt 0:03:44] [#] Strongly threatening ...Nxd3.} 22. fxe6 {[%emt 0:00:27] aiming for Ra1.} Kxe6 (22... Nxd3 $11 23. Kxd3 Kxe6) 23. Ra1 (23. Be2 $16 {Black must now prevent Ra1.} Rhd8 24. g4) 23... Bb2 $14 24. Kxb2 Nxd3+ 25. Kc2 Rhd8 26. Rfb1 Rd7 27. Rb6 Nf4 28. Bxf4 exf4 29. a6 Rxa6 30. Raxa6 {[%emt 0:00:20] The position is equal.} bxa6 31. Rxa6 Kd6 32. Ra5 {[%emt 0:00:25] Weighted Error Value: White=0.08 (flawless) /Black=0.12 (very precise)} 1/2-1/2

[Event "US Masters 2022"]
[Site "Charlotte"]
[Date "2022.11.24"]
[Round "2.8"]
[White "Gazik, Viktor"]
[Black "Ozenir, Ekin Baris"]
[Result "1/2-1/2"]
[ECO "A27"]
[WhiteElo "2564"]
[BlackElo "2352"]
[Annotator "TA"]
[PlyCount "67"]
[EventDate "2022.11.23"]
[EventType "swiss"]
[EventCountry "USA"]
[SourceTitle "playchess.com"]
[Source "ChessBase"]
[SourceQuality "1"]
[TimeControl "5400+30"]

1. c4 e5 2. Nc3 Nc6 3. Nf3 g6 4. d4 exd4 5. Nxd4 Bg7 6. Nxc6 bxc6 7. g3 Ne7 8. Bg2 O-O 9. O-O Rb8 10. Qc2 c5 {[%emt 0:00:31] A27: English Opening: Three Knights Variation.} 11. Bg5 h6 12. Be3 d6 {[%emt 0:12:58] The position is equal.} 13. Rad1 {[%emt 0:01:10] And now Bxc5 would win.} Bd7 {[%emt 0:12:46] [#]} 14. b3 $146 ({Predecessor:} 14. Bc1 Qc8 15. Nd5 Nxd5 16. Bxd5 Kh7 17. b3 Bf5 18. Qd2 Qa6 19. Kg2 Rbe8 20. Rfe1 {½-½ (43) Soukup,V (2144)-Stross,F (2265) Czech Republic 2018}) 14... Nf5 15. Bc1 Nd4 16. Qd2 Bc6 17. Nd5 Bxd5 18. Bxd5 Rb6 19. Qd3 Kh7 20. Bd2 Qd7 21. Rfe1 (21. e3 $5 Nc6 22. f4 $14) 21... Nc6 22. a3 Ne5 23. Qc2 Rfb8 24. Rb1 Ra6 25. Bc1 h5 26. Rd1 Rab6 27. Bd2 Ra6 28. Bc1 Rab6 29. Be4 Qh3 {[%emt 0:01:07] [#] ...Ng4 is the strong threat.} 30. Bg2 {[%emt 0:00:51] A strong pair of Bishops.} Qf5 31. Be4 Qh3 {[%emt 0:00:04] Strongly threatening ...Ng4.} 32. e3 (32. Bg2 $11 Qf5 33. Be4 Qh3) 32... h4 $15 {[%emt 0:02:26] Hoping for ...Ng4.} 33. Rd5 (33. Bg2 $15 Qf5 34. Qxf5 gxf5 35. f4 Nxc4 36. Bd5) 33... Qg4 $17 34. Bd2 {[%emt 0:06:06] Weighted Error Value: White=0.16 (very precise) /Black=0.06 (flawless)} 1/2-1/2